AoeStats
← Noir_Angel

Four Lakes

509950229Analyzed
1v1 RM · 2d ago on Sep 28, 2026· 53m 11s· 2 players
Game mode
Random Map
Map size
Tiny (2 player)
Population
200
Speed
Normal
Resources
Standard
Victory
Conquest
Starting age
Dark Age
Ending age
Imperial Age
RankedLock teamsTeams togetherTeam positionsShared explorationLock speedFull tech treeHidden civsTurbo modeCheats
Victory
Defeat
🇸🇪 Khmer · Sweden
987
+48
🇩🇪 Varangians · Germany
1010
-17
QuitTouchingMe
5:05 Loom
10:05 Feudal Age
14:54 Castle Age
13:51 Fletching
14:44 Double-Bit Axe
14:54 Gold Mining
15:22 Crossbowman
16:58 Bodkin Arrow
17:57 Padded Archer Armor
19:00 Bow Saw
21:18 Gold Shaft Mining
23:05 Wheelbarrow
23:01 Town Watch
26:18 Leather Archer Armor
26:33 Scale Mail Armor
26:10 Pikeman
27:00 Stone Mining
28:15 Ballistics
31:32 Chain Mail Armor
31:55 Horse Collar
33:15 Stone Shaft Mining
34:22 Heavy Plow
35:07 Medium Warships
35:16 Masonry
35:04 Murder Holes
35:37 Forging
39:23 Imperial Age
38:27 Iron Casting
40:37 Double Crossbow
40:50 Bracer
40:36 Halberdier
43:44 Ring Archer Armor
46:01 Elite Ballista Elephant
50:34 Crop Rotation
51:09 Blast Furnace
52:53 Chemistry
52:00 Siege Engineers
Noir_Angel
6:59 Loom
10:17 Feudal Age
11:00 Fishing Lines
12:24 Double-Bit Axe
15:08 Bloodlines
16:03 Scale Barding Armor
15:53 Horse Collar
18:56 Wheelbarrow
21:20 Castle Age
21:40 Light Cavalry
22:45 Chain Barding Armor
24:29 Forging
27:13 Gillnets
30:13 Iron Casting
29:29 Fletching
29:42 Caravan
30:55 Heavy Plow
31:08 Bow Saw
30:50 Gold Mining
32:24 Bodkin Arrow
34:49 Town Watch
37:24 Medium Warships
37:38 Medium Warships
40:07 Imperial Age
37:52 Hand Cart
37:59 Vendel Legacy
38:43 Husbandry
40:19 Cavalier
40:58 Heavy Scorpion
44:30 Plate Barding Armor
44:55 Blast Furnace
44:17 Hussar
44:48 Elite Varangian Guard
45:13 Arson
45:29 Squires
45:14 Gambesons
46:14 Scale Mail Armor
47:02 Conscription
49:44 Chain Mail Armor
51:55 Plate Mail Armor
51:26 Bracer
Connection lost

Rejoining the realm…

Still unreachable

The connection could not be restored.

Session expired

The server has moved on; the page needs a fresh start.